 Dungeon Crawl Stone Soup version 0.17-a0-1614-g2062e81 (webtiles) character file.

9366 postmann the Jinx (level 11, 0/79 HPs)
             Began as a Demonspawn Enchanter on Aug 1, 2015.
             Was an Elder of Dithmenos.
             Shot with a poisoned arrow by Nessos (26 damage)
             ... on level 3 of the Orcish Mines.
             The game lasted 02:12:40 (15589 turns).

postmann the Jinx (Demonspawn Enchanter)           Turns: 15589, Time: 02:12:40

Health: 0/79       AC: 13    Str:  8    XL:     11   Next: 22%
Magic:  11/23      EV: 17    Int: 21    God:    Dithmenos [****..]
Gold:   1349       SH:  0    Dex: 17    Spells: 6 memorised, 9 levels left

rFire  . . .     SeeInvis .     D - +2 dagger (venom)
rCold  . . .     Clarity  +     f - +2 robe {MR+}
rNeg   . . .     SustAt   .     (no shield)
rPois  .         Gourm    .     L - +2 helmet
rElec  .         Spirit   .     B - +2 cloak {MR+}
rCorr  .         Warding  .     (gloves unavailable)
rMut   .         Stasis   .     w - +0 pair of boots
MR     ++...                    (no amulet)
Stlth  ++++++++..               t - ring of wizardry
                                n - +4 ring of intelligence

@: lethally poisoned (0 -> -12), wreathed by umbra, very resistant to hostile
enchantments, extraordinarily stealthy
A: claws 3, rugged brown scales 2, clarity, demonic guardian 2, nightstalker 1
a: Shadow Step, Renounce Religion


You were on level 3 of the Orcish Mines.
You worshipped Dithmenos.
Dithmenos was greatly pleased with you.
You were not hungry.

You visited 4 branches of the dungeon, and saw 14 of its levels.

You collected 1349 gold pieces.

Inventory:

Hand weapons
 q - a +3 dagger
 D - a +2 dagger of venom (weapon)
 H - a +1 vampiric short sword
 K - a +2 vampiric dagger
Missiles
 y - 9 tomahawks of returning
 E - 4 javelins of returning (quivered)
 J - 4 silver tomahawks
Armour
 f - a +2 robe of magic resistance (worn)
 w - a +0 pair of boots (worn)
 B - a +2 cloak of magic resistance (worn)
 G - a +3 leather armour of poison resistance
 L - a +2 helmet (worn)
Jewellery
 c - an uncursed amulet of clarity
 l - a +3 ring of protection
 n - a +4 ring of intelligence (left claw)
 t - a ring of wizardry (right claw)
Magical devices
 j - a wand of disintegration (13)
 N - a wand of lightning (10)
Scrolls
 a - a scroll of enchant weapon
 e - 3 scrolls of remove curse
 h - 3 scrolls of amnesia
 o - 2 scrolls of enchant armour
 r - 3 scrolls of recharging
 v - a scroll of fear
 x - 2 scrolls of teleportation
Potions
 i - 4 potions of lignification
 s - a potion of curing
 u - a potion of heal wounds
 z - a potion of resistance
 A - a potion of invisibility
 C - 2 potions of flight
 I - 2 potions of cure mutation
 M - a potion of might {unknown}
 P - a potion of cancellation {unknown}
Books
 F - a book of Power

   Spells                             Type                      Level
   a - Fulminant Prism                Conjuration/Hexes            4
   b - Iskenderun's Mystic Blast      Conjuration                  4
   c - Venom Bolt                     Conjuration/Poison           5
   d - Bolt of Magma                  Conjuration/Fire/Earth       5
   e - Iron Shot                      Conjuration/Earth            6
   f - Orb of Destruction             Conjuration                  7
   g - Spellforged Servitor           Conjuration/Summoning        7
Comestibles
 b - 11 chunks of flesh
 d - 2 royal jellies
 k - 4 beef jerkies
 m - 4 meat rations
 p - 2 bread rations


   Skills:
 + Level 3.7 Fighting
 + Level 4.0 Short Blades
 + Level 1.0 Armour
 + Level 7.3 Dodging
 + Level 7.5 Stealth
 + Level 8.6 Spellcasting
 * Level 1.3 Conjurations
 + Level 9.4 Hexes
 + Level 1.0 Evocations


You had 9 spell levels left.
You knew the following spells:

 Your Spells              Type           Power        Failure   Level  Hunger
a - Corona                Hex            #####..      1%          1    None
b - Confuse               Hex            #####...     1%          3    None
c - Tukima's Dance        Hex            #####...     1%          3    None
d - Dazzling Spray        Conj/Hex       ####....     1%          3    None
e - Fulminant Prism       Conj/Hex       ####......   4%          4    ###....
f - Iskenderun's Mystic   Conj           ##......     26%         4    ###....


Dungeon Overview and Level Annotations

Branches:
Dungeon (9/15)             Temple (1/1) D:5             Orc (3/4) D:9
    Elf (1/3) Orc:3
   Lair: D:8-11

Altars:
Ashenzari
Dithmenos
Fedhas
Kikubaaqudgha
Makhleb
Okawaru
Vehumet
Xom
Beogh

Annotations:
Orc:3 Nessos


Innate Abilities, Weirdness & Mutations

You have claws for hands.
You are mostly covered in rugged brown scales (AC +2, +5% HP).
A demonic guardian rushes to your aid.
You are slightly more attuned to the shadows.
You possess an exceptional clarity of mind.


Message History

You see here a poisoned arrow.
Drink which item? (? for menu, Esc to quit)
You feel better.
Nessos stands on his hind legs for a moment.
Nessos blinks!
Your smoke demon hits Nessos but does no damage.
Your smoke demon hits Nessos. x2
Nessos blinks!
Casting: Dazzling Spray
Confirm with . or Enter, or press ? or * to list all spells.
Aiming: Confuse
Press: ? - help, Shift-Dir - straight line, f - Nessos
Aim: Nessos, wielding a longbow of flaming and wearing a glowing centaur barding (lightly wounded, umbra, chance to defeat MR: 71%) Nessos struggles to resist.
Nessos shoots a poisoned arrow.
The poisoned arrow hits you!! The poisoned arrow burns you!
You are poisoned.
You swap places.
You feel sick.
Nessos shoots a poisoned arrow.
The poisoned arrow closely misses you.
Nessos shoots a poisoned arrow.
The poisoned arrow hits you!!
You die...

##.#.............).).##
# #####..........[...##
###..#...........#####
##.....#............
#.......#...........
##......#............
##.........)...........
#........)).(#3..c...
##........)..@.......
#..........(.........
##.............#.....
#............##.....
##.###.............. ##
##..#.#.##.##.#
######## #


You could see Nessos and a friendly smoke demon.

Vanquished Creatures
  Erolcha (D:8)
  Erica (D:9)
  An orc high priest (Orc:2)
  Pikel (D:7)
  A cyclops (Orc:2)
  Joseph (D:7)
  Prince Ribbit (D:7)
  A deep elf fighter (Orc:3)
  A hippogriff (D:8)
  A warg (Orc:2)
  A slave (D:7)
  An ice beast (D:7)
  4 ogres
  A sky beast (D:7)
  2 centaurs
  2 phantoms
  3 orc warriors
  A crocodile (D:7)
  5 giant frogs
  3 scorpions
  2 wights
  A killer bee (D:9)
  3 crimson imps
  A jelly (D:8)
  A centaur zombie (D:4)
  2 giant frog zombies
  A centaur skeleton (D:4)
  3 iguanas
  7 orc priests
  10 orc wizards
  A hound (D:3)
  3 worker ants (D:8)
  Natasha (twice) (D:4)
  A hound skeleton (D:5)
  10 adders
  5 gnolls
  An ooze (D:7)
  2 worms (D:4)
  4 adder skeletons
  4 giant geckos
  60 orcs
  3 giant cockroaches
  5 goblins
  4 hobgoblins
  4 jackals
  4 bats (D:1)
  A giant gecko skeleton (D:8)
  8 giant newts
  A jackal skeleton (D:4)
  A jackal zombie (D:6)
  A kobold (D:3)
  3 quokkas
  A quokka skeleton (D:7)
  6 rats
199 creatures vanquished.

Vanquished Creatures (collateral kills)
  Josephine (Orc:3)
  3 orc sorcerers
  6 orc warriors
  A hungry ghost (D:7)
  5 wraiths (Orc:3)
  7 ogres
  A gnoll sergeant (D:8)
  9 wights
  2 crimson imps
  7 orc priests
  Crazy Yiuf (D:4)
  16 orc wizards
  A gnoll shaman (D:4)
  An adder (D:5)
  12 gnolls
  A giant gecko (D:4)
  61 orcs
135 creatures vanquished.

Vanquished Creatures (others)
  2 dancing weapons (D:4)
  3 slaves (D:7)
  An orc wizard (D:7)
  12 fulminant prisms
18 creatures vanquished.

Grand Total: 352 creatures vanquished

Notes
Turn   | Place    | Note
--------------------------------------------------------------
     0 | D:1      | postmann the Demonspawn Enchanter began the quest for the Orb.
     0 | D:1      | Reached XP level 1. HP: 13/13 MP: 3/3
   377 | D:1      | Gained mutation: A weak demonic guardian rushes to your aid. [demonic ancestry]
   377 | D:1      | Reached XP level 2. HP: 19/19 MP: 5/5
  1219 | D:2      | Reached skill level 1 in Short Blades
  1289 | D:2      | Found a faded altar to an unknown god.
  2382 | D:2      | Gained mutation: You have sharp fingernails. [demonic ancestry]
  2382 | D:2      | Reached XP level 3. HP: 24/24 MP: 6/6
  2387 | D:2      | Learned a level 3 spell: Confuse
  3411 | D:3      | Gained mutation: You are partially covered in rugged brown scales (AC +1, +3% HP). [demonic ancestry]
  3411 | D:3      | Reached XP level 4. HP: 19/31 MP: 4/7
  3445 | D:2      | Learned a level 3 spell: Tukima's Dance
  4382 | D:4      | Noticed an ogre
  4395 | D:3      | Gained mutation: You possess an exceptional clarity of mind. [potion of beneficial mutation]
  4423 | D:3      | Reached XP level 5. HP: 17/37 MP: 2/8
  4432 | D:3      | Reached skill level 1 in Fighting
  4715 | D:4      | Killed an ogre
  4994 | D:4      | Reached skill level 4 in Hexes
  5200 | D:4      | Noticed an ogre
  5227 | D:4      | Killed an ogre
  5251 | D:4      | Gained mutation: You are slightly more attuned to the shadows. [demonic ancestry]
  5251 | D:4      | Reached XP level 6. HP: 26/44 MP: 2/10
  5334 | D:4      | Noticed Natasha
  5340 | D:4      | Killed Natasha
  5434 | D:4      | Learned a level 3 spell: Dazzling Spray
  5456 | D:4      | Noticed Crazy Yiuf
  5462 | D:4      | Killed Crazy Yiuf
  5548 | D:4      | Noticed an ogre
  5558 | D:4      | Killed an ogre
  5899 | D:4      | Noticed a phantom
  5919 | D:4      | Gained mutation: You have very sharp fingernails. [demonic ancestry]
  5919 | D:4      | Reached XP level 7. HP: 44/49 MP: 3/11
  5940 | D:4      | Killed a phantom
  5944 | D:4      | Noticed Natasha
  5975 | D:4      | Killed Natasha
  6337 | D:5      | Entered Level 5 of the Dungeon
  6405 | D:5      | Found a shadowy altar of Dithmenos.
  6410 | D:5      | Became a worshipper of Dithmenos the Shadowed
  6456 | D:5      | Reached skill level 5 in Hexes
  6615 | D:5      | Found a staircase to the Ecumenical Temple.
  6667 | Temple   | Entered the Ecumenical Temple
  7462 | D:5      | Found a burning altar of Makhleb.
  7463 | D:5      | Found a blossoming altar of Fedhas.
  7519 | D:6      | Learned a level 4 spell: Fulminant Prism
  7520 | D:6      | Reached skill level 5 in Stealth
  7520 | D:6      | Gained mutation: You have claws for hands. [demonic ancestry]
  7520 | D:6      | Reached XP level 8. HP: 57/57 MP: 14/14
  8294 | D:7      | Noticed Prince Ribbit
  8297 | D:7      | Killed Prince Ribbit
  8297 | D:7      | Reached skill level 5 in Dodging
  8323 | D:7      | Found a shimmering altar of Xom.
  8323 | D:7      | Found a radiant altar of Vehumet.
  8323 | D:7      | Found an iron altar of Okawaru.
  8375 | D:7      | Noticed Joseph
  8416 | D:7      | Noticed Pikel
  8476 | D:7      | Killed Pikel
  8476 | D:7      | Reached skill level 5 in Spellcasting
  8476 | D:7      | Reached skill level 6 in Hexes
  8476 | D:7      | Reached skill level 1 in Evocations
  8738 | D:7      | Killed Joseph
  8738 | D:7      | Gained mutation: You are mostly covered in rugged brown scales (AC +2, +5% HP). [demonic ancestry]
  8738 | D:7      | Reached XP level 9. HP: 54/65 MP: 14/17
  9249 | D:7      | Found a shattered altar of Ashenzari.
  9957 | D:8      | Acquired Dithmenos's first power
 10249 | D:8      | Reached skill level 7 in Hexes
 10490 | D:8      | Noticed Erolcha
 10502 | D:8      | Killed Erolcha
 10502 | D:8      | Reached XP level 10. HP: 38/73 MP: 15/20
 10665 | D:8      | Learned a level 4 spell: Iskenderun's Mystic Blast
 11362 | D:9      | Found a staircase to the Orcish Mines.
 11374 | Orc:1    | Entered Level 1 of the Orcish Mines
 11374 | Orc:1    | Noticed Erica
 11375 | Orc:1    | Was placed under penance by Dithmenos
 11390 | D:9      | Killed Erica
 11588 | D:9      | Was forgiven by Dithmenos
 11797 | D:9      | Reached skill level 8 in Hexes
 11920 | D:9      | Noticed a catoblepas
 11965 | Orc:1    | Found a roughly hewn altar of Beogh.
 13014 | Orc:2    | Acquired Dithmenos's second power
 13725 | Orc:2    | Noticed an orc sorcerer
 13735 | Orc:2    | Killed an orc sorcerer
 13791 | Orc:2    | Noticed a cyclops
 13797 | Orc:2    | Killed a cyclops
 14060 | Orc:3    | Noticed an orc knight
 14063 | Orc:3    | Noticed an orc sorcerer
 14065 | Orc:3    | Noticed Josephine
 14164 | Orc:3    | Acquired Dithmenos's third power
 14265 | Orc:3    | Found a staircase to the Elven Halls.
 14280 | Orc:3    | Noticed an orc high priest
 14561 | Orc:2    | Killed an orc high priest
 14561 | Orc:2    | Reached skill level 9 in Hexes
 14829 | Elf:1    | Entered Level 1 of the Elven Halls
 14829 | Elf:1    | Noticed a deep elf summoner
 14842 | Orc:3    | Gained mutation: A demonic guardian rushes to your aid. [demonic ancestry]
 14842 | Orc:3    | Reached XP level 11. HP: 71/79 MP: 14/23
 14953 | Orc:3    | Noticed an orc sorcerer
 14959 | Orc:3    | Killed an orc sorcerer
 15112 | Orc:3    | Killed Josephine
 15112 | Orc:3    | Reached skill level 1 in Armour
 15477 | Orc:3    | Reached skill level 1 in Conjurations
 15486 | Orc:3    | Noticed an orc sorcerer
 15496 | Orc:3    | Killed an orc sorcerer
 15584 | Orc:3    | Noticed Nessos
 15589 | Orc:3    | Shot with a poisoned arrow by Nessos

Vault maps used:
D:1:      minmay_arrival_stone_box, corexii_leaking_fountain
D:2:      ecumenical_altar_2
D:3:      first_bread, minmay_misc_feat_alley
D:4:      minmay_divided_ellipse, uniq_crazy_yiuf_cottage, uniq_natasha
D:5:      gammafunk_temple_overflow_pools, kennysheep_little_box,
          minmay_temple_entry_overgrown
D:7:      ashenzari_altar_1, gammafunk_temple_overflow_forgotten, uniq_pikel,
          uniq_joseph, uniq_prince_ribbit1
D:8:      uniq_erolcha
D:9:      orc_0_dummy, serial_glass, glass_columns_a, glass_columns_c,
          minmay_strange_pillars, david_nohive_1, hangedman_corner_corridor
Temple:   minmay_crystal_spiral_temple_12
Orc:1:    basic_altar, nicolae_orc_lava_tube, uniq_erica
Orc:3:    nicolae_orc_pool_cavern, uniq_nessos, uniq_josephine
Elf:1:    minmay_elf_arrival_summoners, serial_shops, bzr_entry_gold,
          hangedman_elf_disciples, uniq_nikola

Action                   |  1- 3 |  4- 6 |  7- 9 | 10-12 || total
-------------------------+-------+-------+-------+-------++-------
Melee: Dagger            |   149 |   156 |   340 |   296 ||   941
Throw: Javelin           |     5 |    14 |     1 |     1 ||    21
 Cast: Corona            |     7 |     1 |     2 |     2 ||    12
       Confuse           |     1 |    10 |    37 |    16 ||    64
       Tukima's Dance    |       |    25 |    19 |   101 ||   145
       Fulminant Prism   |       |       |     2 |    10 ||    12
       Dazzling Spray    |       |       |       |     7 ||     7
Evoke: Wand              |    12 |     5 |     5 |       ||    22
  Use: Potion            |     2 |     3 |     1 |     2 ||     8
       Scroll            |       |       |    16 |     4 ||    20
 Stab: Sleeping          |     7 |     3 |     8 |     7 ||    25
       Confused          |     5 |     3 |    16 |     1 ||    25
       Distracted        |       |       |     4 |     6 ||    10
       Invisible         |       |       |       |     2 ||     2
  Eat: Chunk             |     5 |     8 |     8 |    12 ||    33
       Fruit             |     3 |       |     3 |       ||     6
       Bread ration      |       |     1 |     2 |     1 ||     4
